Cogmind - Beta 11.1 @@@ ROGUE MODE // 2022.05.28 @ 23:19:34 Player: darki Result: Destroyed by H-66 Slayer with Gauss Rifle Performance ------------- Evolutions (5) 2500 Regions Visited (9) 1800 Robots Destroyed (96) 480 Value Destroyed (3404) 3404 Prototype IDs (21) 420 Alien Tech Used (0) 0 Bonus (668) 668 TOTAL SCORE: 9272 Bonus ------- Pacifist 270 High Alert Combat Kills 227 Follower Combat Kills 175 Friendly Fire -4 Cogmind --------- Core Integrity 0/1000 Matter 291/300 Energy 98/100 System Corruption 11% Temperature Cool (4) Movement Flying (32) Location -5/Factory Parts ------- > --- POWER (2) -------- (None) > --- PROPULSION (5) --- Improved VTOL Module Improved VTOL Module > --- UTILITY (8) ------ Advanced Weight Redist. System Advanced Signal Interpreter Advanced Targeting Computer Improved Target Analyzer > --- WEAPON (2) ------- (None) > --- INVENTORY (5) ---- Improved Heat Sink Matter Filter Authchip [R/Combat] Authchip [R/Combat] Improved Grenade Launcher Peak State ------------ > --- POWER ------------ Light Angular Momentum Engine Light Fission Core > --- PROPULSION ------- Carbon-fiber Leg Carbon-fiber Leg Armored Leg > --- UTILITY ---------- Advanced Heat Sink Medium Storage Unit Improved Energy Well Advanced Signal Interpreter Advanced Targeting Computer Advanced Targeting Computer Improved Target Analyzer Hacking Suite > --- WEAPON ----------- Coil Gun Magnetic Acceleration Cannon > --- INVENTORY -------- Improved VTOL Module Improved VTOL Module Improved VTOL Module Improved Heat Sink Advanced Weight Redist. System Matter Filter Authchip [R/Combat] Authchip [R/Combat] Improved Grenade Launcher Heavy Flail [Rating: 66] Favorites ----------- Power Light Nuclear Core Engine Ion Engine Power Core Light Nuclear Core Propulsion Aluminum Leg Treads Light Treads Leg Aluminum Leg Wheel Wheel Hover Unit Antigrav System Flight Unit Improved VTOL Module Utility Hacking Suite Device Improved Heat Sink Storage Medium Storage Unit Processor Targeting Computer Hackware Hacking Suite Weapon Ion Cannon Energy Gun Medium Laser Energy Cannon Ion Cannon Ballistic Gun Gauss Rifle Ballistic Cannon Magnetic Acceleration Cannon Launcher Improved Grenade Launcher Impact Weapon Heavy Flail Build | -11 -10 -10 -10 -9 -8 -8 -8 -6 -5 ------- Run | Scr Mat Min Exi Min Mat Sto Rec Fac Fac Slots Evolved 10 | . . . . . 4 . . 4 2 Power 1 | . . . . . . . . 1 . Propulsion 3 | . . . . . 1 . . 1 1 Utility 6 | . . . . . 3 . . 2 1 Weapon . | . . . . . . . . . . Parts Attached 130 | . 2 1 7 . 23 48 . 15 34 Power 15 | . . . . . 4 3 . 4 4 Engine 6 | . . . . . 2 . . 1 3 Core 9 | . . . . . 2 3 . 3 1 Reactor . | . . . . . . . . . . Propulsion 43 | . . . 3 . 11 10 . 2 17 Treads 2 | . . . 2 . . . . . . Leg 32 | . . . 1 . 9 8 . 2 12 Wheel 1 | . . . . . . . . . 1 Hover 1 | . . . . . . . . . 1 Flight 7 | . . . . . 2 2 . . 3 Utility 19 | . . . . . 5 5 . 4 5 Device 7 | . . . . . 3 2 . . 2 Storage 2 | . . . . . 1 . . . 1 Processor 7 | . . . . . 1 . . 4 2 Hackware 3 | . . . . . . 3 . . . Protection . | . . . . . . . . . . Artifact . | . . . . . . . . . . Weapon 53 | . 2 1 4 . 3 30 . 5 8 Energy Gun 17 | . 1 . 2 . . 12 . 1 1 Energy Cannon 13 | . . 1 . . . 8 . 2 2 Ballistic Gun 7 | . . . . . 2 4 . . 1 Ballistic Cannon 3 | . . . . . 1 1 . . 1 Launcher 8 | . 1 . 2 . . 4 . . 1 Special Weapon . | . . . . . . . . . . Impact Weapon 5 | . . . . . . 1 . 2 2 Slashing Weapon . | . . . . . . . . . . Piercing Weapon . | . . . . . . . . . . Special Melee Weapon . | . . . . . . . . . . Unidentified Prototypes 16 | . . . . . 2 11 . . 3 Corrupted Parts 1 | . . . . . . . . . 1 System Corruption 1 | . . . . . . . . . 1 Parts Lost 47 | . . . . . . 8 . 5 34 Power 8 | . . . . . . 1 . 1 6 Propulsion 23 | . . . . . . 4 . 2 17 Utility 8 | . . . . . . 2 . 1 5 Weapon 8 | . . . . . . 1 . 1 6 Highest Loss Streak 10 | . . . . . . 3 . 2 10 To Critical Strikes . | . . . . . . . . . . Average Slot Usage (%) 89 | . 85 82 84 85 91 96 100 85 72 Engine 3 | . 14 14 14 14 2 . . 2 1 Core 5 | . . . . . 6 8 9 7 . Treads 2 | . . . 7 28 3 . . . . Leg 21 | . 28 28 20 . 21 22 27 22 14 Device 10 | . . . . . 24 14 18 8 5 Storage 9 | . 14 14 14 14 9 9 9 6 9 Processor 7 | . . . . . 6 6 . 11 22 Hackware 9 | . . . . . . 14 18 13 5 Energy Gun 4 | . 14 14 12 14 1 3 . 1 . Energy Cannon 9 | . . 5 14 14 3 8 18 8 2 Ballistic Gun 2 | . 14 5 . . 11 4 . . . Naked Turns . | . . . . . . . . . . Heaviest Build 44 | 13 14 15 16 15 27 31 31 36 44 Greatest Support 76 | 20 20 20 40 40 49 44 35 65 76 Greatest Overweight (x) 8 | . . . 1 . 8 2 . . 7 Average Overweight (x) . | . . . . . . . . . . Largest Inventory Capacity 10 | . 8 8 8 8 10 10 10 10 10 Average Capacity 9 | . 8 8 8 8 9 10 10 10 9 Most Carried 10 | . 7 7 8 5 10 10 10 10 10 Average Carried 8 | . 6 7 5 5 9 9 9 9 9 Final Capacity 10 | 8 8 8 8 8 10 10 10 10 5 Final Carried 10 | 6 7 7 5 5 10 10 10 9 5 Class Distribution -------------------- 69% | Scavenger-Mutant 26% | Mutant Dominant Class ---------------- Mutant | -10/Materials Mutant | -10/Mines Mutant | -10/Exiles Mutant | -9/Mines Scavenger-Mutant | -8/Materials Scavenger-Mutant | -8/Storage Scavenger-Mutant | -8/Recycling Scavenger-Mutant | -6/Factory Scavenger-Mutant | -5/Factory Resources | -11 -10 -10 -10 -9 -8 -8 -8 -6 -5 ----------- Run | Scr Mat Min Exi Min Mat Sto Rec Fac Fac Matter Collected 2974 | 200 . 20 82 . 850 1086 45 139 552 Remotely . | . . . . . . . . . . Salvage Created 4178 | . . . 109 . 745 1708 52 342 1222 Parts 185 | . . . . . 31 92 1 17 44 Haulers Intercepted 9 | . . . . . 3 6 . . . Recyclers Shooed 1 | . . . . . . . . . 1 Parts Field Recycled . | . . . . . . . . . . Retrieved Matter . | . . . . . . . . . . Parts Self-Destructed . | . . . . . . . . . . Prevented . | . . . . . . . . . . Kills | -11 -10 -10 -10 -9 -8 -8 -8 -6 -5 ------- Run | Scr Mat Min Exi Min Mat Sto Rec Fac Fac Combat Hostiles Destroyed 57 | . . . . . 7 23 1 5 21 Melee 1 | . . . . . . . . . 1 Guns 19 | . . . . . 5 11 . . 3 Cannons 28 | . . . . . 2 10 1 5 10 AOE 7 | . . . . . . 2 . . 5 Classes Destroyed 13 | . . . . . 6 4 . 1 2 Worker 8 | . . . . . 2 3 . 1 2 Builder 7 | . . . . . . 3 . 2 2 Tunneler 2 | . . . . . . . . . 2 Hauler 9 | . . . . . 3 6 . . . Recycler 6 | . . . . . 2 3 . . 1 Operator 3 | . . . . . . 2 . . 1 Watcher 4 | . . . . . 2 2 . . . Swarmer 4 | . . . . . . 4 . . . Grunt 29 | . . . . . 5 10 . . 14 Duelist 1 | . . . . . . . . . 1 Sentry 12 | . . . . . . 9 1 . 2 Hunter 7 | . . . . . 2 . . 4 1 Programmer 4 | . . . . . . . . 1 3 Best Kill Streak 7 | . . . . . 4 6 1 3 7 Combat Bots Only 5 | . . . . . 3 4 1 1 5 Max Kills in Single Turn 3 | . . . . . 2 3 1 1 2 Gunslinging . | . . . . . . . . . . Exploded 2 | . . . . . . 2 . . 2 Melee 1 | . . . . . . . . . 1 Uniques/NPCs Destroyed . | . . . . . . . . . . Combat | -11 -10 -10 -10 -9 -8 -8 -8 -6 -5 -------- Run | Scr Mat Min Exi Min Mat Sto Rec Fac Fac Damage Taken 6321 | . . . 34 . 520 1059 . 931 3777 Core 1461 | . . . 18 . 70 173 . 182 1018 Absorbed by Shields . | . . . . . . . . . . Regen/Repaired (Parts) 155 | . . . . . . 116 . 39 . Core Remaining (%) 81 | 100 . . . 92 . . 55 78 . Volleys Fired 362 | . . . 103 . 37 126 8 22 66 Largest 2 | . . . 2 . 2 2 2 2 2 Hottest 143 | . . . 110 . 110 130 120 121 143 Shots Fired 613 | . . . 162 . 74 227 16 43 91 Gun 284 | . . . 58 . 57 139 . 4 26 Cannon 279 | . . . 76 . 17 68 16 39 63 Launcher 50 | . . . 28 . . 20 . . 2 Special . | . . . . . . . . . . Kinetic 190 | . . . . . 54 85 . . 51 Thermal 373 | . . . 134 . 20 122 16 43 38 Explosive 45 | . . . 28 . . 15 . . 2 Electromagnetic 5 | . . . . . . 5 . . . Robot Hit Streak 19 | . . . 10 . 14 13 5 11 19 Robot Miss Streak 4 | . . . 1 . 4 4 4 2 1 Penetration Max 1 | . . . . . 1 1 . . 1 Secondary Targets . | . . . . . . . . . . Shots Hit Robots 329 | . . . 17 . 52 125 8 35 92 Core Hits 163 | . . . 9 . 28 66 1 13 46 Critical Kills 3 | . . . . . 1 1 . . 1 Critical Parts Destroyed 7 | . . . . . 2 1 . 1 3 Critical Strikes 17 | . . . 3 . 3 3 . 1 7 Burn 5 | . . . 3 . . 1 . . 1 Destroy 7 | . . . . . 3 2 . . 2 Blast 2 | . . . . . . . . . 2 Smash 3 | . . . . . . . . 1 2 Melee Attacks 44 | . . . . . . 14 . 7 23 Impact 44 | . . . . . . 14 . 7 23 Slashing . | . . . . . . . . . . Piercing . | . . . . . . . . . . Sneak Attacks 6 | . . . . . . . . 3 3 Combat Hostiles . | . . . . . . . . . . Follow-up Attacks . | . . . . . . . . . . Damage Inflicted 9929 | . . . 267 . 1097 2863 213 1013 4476 Guns 3556 | . . . 112 . 851 2006 . 60 527 Cannons 3761 | . . . 138 . 246 651 213 694 1819 Explosions 1423 | . . . 4 . . 206 . . 1213 Melee 1176 | . . . . . . . . 259 917 Ramming 13 | . . . 13 . . . . . . Kinetic 3238 | . . . . . 860 1231 . . 1147 Thermal 4785 | . . . 250 . 237 1426 213 754 1905 Explosive 430 | . . . 4 . . . . . 426 Electromagnetic 287 | . . . . . . 206 . . 81 Impact 1176 | . . . . . . . . 259 917 Slashing . | . . . . . . . . . . Piercing . | . . . . . . . . . . Highest Corruption 11 | . . . . . . 2 2 1 11 Average Corruption 2 | . . . . . . 2 2 1 6 Corruption Purged . | . . . . . . . . . . Corruption Blocked . | . . . . . . . . . . Effects 44 | . . . . . . 27 12 3 2 Message Errors 10 | . . . . . . 5 2 3 . Matter Fused 12 | . . . . . . 5 5 . 2 Heat Flow Errors 6 | . . . . . . 4 2 . . Energy Discharges 6 | . . . . . . 5 1 . . Data Loss (minor) 5 | . . . . . . 4 1 . . Data Loss (major) 4 | . . . . . . 3 1 . . Alerts 1 | . . . . . . 1 . . . Overload Shots . | . . . . . . . . . . Overflow Damage 823 | . . . . . . 22 21 170 610 Projectiles 93 | . . . . . . 1 21 12 59 Explosions 174 | . . . . . . 21 . . 153 Melee 556 | . . . . . . . . 158 398 Knockbacks 26 | . . . . . 2 7 . 1 16 Impact 3 | . . . . . . . . 1 2 Kinetic 21 | . . . . . 2 6 . . 13 Secondary 2 | . . . . . . 1 . . 1 Self-Inflicted Damage 426 | . . . 29 . . 83 . . 314 Shots 10 | . . . 1 . . 3 . . 6 Rammed . | . . . . . . . . . . Targets Rammed . | . . . . . . . . . . Kicked . | . . . . . . . . . . Crushed . | . . . . . . . . . . Highest Temperature 456 | . . . 456 . 230 342 241 96 61 Average Temperature 99 | . . . 145 . 117 61 45 39 20 Received Heat Transfer 1422 | . . . . . 153 504 . 12 753 Effects 7 | . . . 4 . . 3 . . . Shutdowns 1 | . . . 1 . . . . . . Energy Bleed 2 | . . . 1 . . 1 . . . Interference 2 | . . . . . . 2 . . . Damage (minor) 2 | . . . 2 . . . . . . Siege Activations . | . . . . . . . . . . Robots Corrupted . | . . . . . . . . . . Combat Hostiles . | . . . . . . . . . . Parts Fried 6 | . . . . . . . . 4 2 Impact Corruptions 16 | . . . . . . . . 5 11 Robots Melted 1 | . . . . . . . . . 1 Combat Hostiles 1 | . . . . . . . . . 1 Parts Melted 15 | . . . . . . 7 . 6 2 Heat Transferred 6370 | . . . 851 . 555 2553 296 1184 931 Parts Sabotaged . | . . . . . . . . . . Parts Stolen . | . . . . . . . . . . Parts Stripped . | . . . . . . . . . . Power Chain Reactions 3 | . . . . . . . . . 3 Missiles Intercepted . | . . . . . . . . . . Alert | -11 -10 -10 -10 -9 -8 -8 -8 -6 -5 ------- Run | Scr Mat Min Exi Min Mat Sto Rec Fac Fac Peak Influence 1046 | . 8 3 . . 214 368 296 1046 522 Initial 979 | . . 3 . . . 55 143 979 238 Average 260 | . 2 3 . . 73 176 157 832 291 Maximum Alert Level 3 | . . . . . 1 1 1 3 2 Low Security (%) 55 | . 100 100 . 100 94 68 76 . 18 Level 1 28 | . . . . . 5 31 23 . 60 Level 2 7 | . . . . . . . . 30 20 Level 3 8 | . . . . . . . . 69 . Level 4 . | . . . . . . . . . . Level 5 . | . . . . . . . . . . High Security . | . . . . . . . . . . Max Security . | . . . . . . . . . . Squads Dispatched 16 | . . . . . 1 6 . 3 6 Investigation 3 | . . . . . . 3 . . . Extermination 4 | . . . . . . . . 2 2 Reinforcement 7 | . . . . . 1 2 . 1 3 Assault 2 | . . . . . . 1 . . 1 Garrison . | . . . . . . . . . . Intercept . | . . . . . . . . . . Searches Triggered 2 | . . . . . . . . 2 . Construction Impeded 1 | . . . . . . . . . 1 Haulers Reinforced 1 | . . . . . . . . . 1 Active Scanning Responses . | . . . . . . . . . . Cargo Convoy Interrupts . | . . . . . . . . . . Stealth | -11 -10 -10 -10 -9 -8 -8 -8 -6 -5 --------- Run | Scr Mat Min Exi Min Mat Sto Rec Fac Fac Distress Signals 9 | . . . . . 2 2 . . 5 Communications Jammed . | . . . . . . . . . . Distress Signals . | . . . . . . . . . . Times Spotted 160 | . . . . . 21 36 45 9 49 Peak Tracking Total 19 | . . . . . 5 5 7 2 19 Tactical Retreats 6 | . . . . . . 3 . . 3 Traps | -11 -10 -10 -10 -9 -8 -8 -8 -6 -5 ------- Run | Scr Mat Min Exi Min Mat Sto Rec Fac Fac Traps Triggered 8 | . . . . . 1 3 . 3 1 Indirectly 2 | . . . . . . 2 . . . Trap Hack Attempts . | . . . . . . . . . . Triggered . | . . . . . . . . . . Disarmed . | . . . . . . . . . . Reprogrammed . | . . . . . . . . . . Reused . | . . . . . . . . . . Traps Extracted . | . . . . . . . . . . Installed . | . . . . . . . . . . Triggered . | . . . . . . . . . . Machines | -11 -10 -10 -10 -9 -8 -8 -8 -6 -5 ---------- Run | Scr Mat Min Exi Min Mat Sto Rec Fac Fac Machines Disabled 23 | . . . 1 . 2 11 . . 9 Max in Single Turn 7 | . . . 1 . 1 1 . . 7 Garrison Access 1 | . . . . . . 1 . . . Machines Sabotaged . | . . . . . . . . . . Garrisons Compromised . | . . . . . . . . . . Overloaded Fab Kills . | . . . . . . . . . . Hacking | -11 -10 -10 -10 -9 -8 -8 -8 -6 -5 --------- Run | Scr Mat Min Exi Min Mat Sto Rec Fac Fac Machines Accessed 33 | . 1 . 4 . 2 9 13 3 1 Terminals 16 | . 1 . . . 2 6 5 1 1 Fabricators . | . . . . . . . . . . Repair Stations 2 | . . . . . . 1 . 1 . Recycling Units 10 | . . . . . . 1 8 1 . Scanalyzers . | . . . . . . . . . . Garrison Access 1 | . . . . . . 1 . . . Total Hacks 137 | . 1 . 49 . 2 46 33 5 1 Successful 114 | . 1 . 49 . 2 31 28 3 . Failed 20 | . . . . . . 13 4 2 1 Catastrophic 3 | . . . . . . 1 . 1 1 Database Lockouts 3 | . . . . . . 2 1 . . Manual 43 | . 1 . . . 2 21 17 1 1 Terminals 53 | . 1 . . . 2 30 18 1 1 Fabricators . | . . . . . . . . . . Repair Stations 8 | . . . . . . 6 . 2 . Recycling Units 25 | . . . . . . 8 15 2 . Scanalyzers . | . . . . . . . . . . Garrison Access 2 | . . . . . . 2 . . . Terminal Hacks 81 | . 1 . 49 . 1 17 13 . . Record 58 | . . . 49 . . 9 . . . Robot Schematic 1 | . . . . . . . 1 . . Robot Analysis 6 | . . . . . . 3 3 . . Prototype ID Bank 3 | . . . . . . . 3 . . Open Door 3 | . . . . . . 3 . . . Branch Access Points 3 | . 1 . . . 1 . 1 . . Recycling Unit Index 1 | . . . . . . . 1 . . Alert Level 3 | . . . . . . 1 2 . . Unreport Threat 2 | . . . . . . 1 1 . . Hauler Manifests 1 | . . . . . . . 1 . . Fabricator Hacks . | . . . . . . . . . . Repair Station Hacks 8 | . . . . . . 6 . 2 . Scan Component 4 | . . . . . . 3 . 1 . Repair 4 | . . . . . . 3 . 1 . Recycling Unit Hacks 11 | . . . . . . 3 7 1 . Process 1 | . . . . . . 1 . . . Report Inventory 9 | . . . . . . 1 7 1 . Retrieve Matter 1 | . . . . . . 1 . . . Scanalyzer . | . . . . . . . . . . Garrison Access Hacks 1 | . . . . . . 1 . . . Coupler Status 1 | . . . . . . 1 . . . Unauthorized Hacks 13 | . . . . . 1 4 8 . . Terminals 1 | . . . . . 1 . . . . Assimilate 1 | . . . . . 1 . . . . Fabricators . | . . . . . . . . . . Repair Stations . | . . . . . . . . . . Recycling Units 11 | . . . . . . 3 8 . . Monitor 1 | . . . . . . 1 . . . Reject 1 | . . . . . . 1 . . . Mask 1 | . . . . . . 1 . . . Tunnel 8 | . . . . . . . 8 . . Scanalyzers . | . . . . . . . . . . Garrison Access 1 | . . . . . . 1 . . . Reprogram 1 | . . . . . . 1 . . . Data Cores Recovered . | . . . . . . . . . . Used . | . . . . . . . . . . Hacking Detections 18 | . . . . . . 4 10 3 1 Full Trace Events 9 | . . . . . . 4 5 . . Feedback Events . | . . . . . . . . . . Feedback Blocked . | . . . . . . . . . . Robot Schematics Acquired 1 | . . . . . . . 1 . . Robots Built . | . . . . . . . . . . Authchips . | . . . . . . . . . . Time . | . . . . . . . . . . Total Robot Build Rating . | . . . . . . . . . . Part Schematics Acquired . | . . . . . . . . . . Parts Built . | . . . . . . . . . . Authchips . | . . . . . . . . . . Time . | . . . . . . . . . . Total Part Build Rating . | . . . . . . . . . . Parts Repaired 4 | . . . . . . 3 . 1 . Time 127 | . . . . . . 102 . 25 . Parts Recycled . | . . . . . . . . . . Recycled Matter 187 | . . . . . . 187 . . . Retrieved Matter 207 | . . . . . . 207 . . . Retrieved Components . | . . . . . . . . . . Parts Scanalyzed . | . . . . . . . . . . Part Schematics Acquired . | . . . . . . . . . . Parts Damaged . | . . . . . . . . . . Bothacking | -11 -10 -10 -10 -9 -8 -8 -8 -6 -5 ------------ Run | Scr Mat Min Exi Min Mat Sto Rec Fac Fac Used RIF Installer . | . . . . . . . . . . Robots Hacked . | . . . . . . . . . . Non-combat . | . . . . . . . . . . Combat . | . . . . . . . . . . Robot Hacks Applied . | . . . . . . . . . . Relay Couplers Released 3 | . . . . . . 3 . . . Machine Destruction 3 | . . . . . . 3 . . . Fabnet Peak Effective % . | . . . . . . . . . . Robots Rewired 2 | . . . 2 . . . . . . Allies Hacked . | . . . . . . . . . . Hacks Repelled . | . . . . . . . . . . Allies | -11 -10 -10 -10 -9 -8 -8 -8 -6 -5 -------- Run | Scr Mat Min Exi Min Mat Sto Rec Fac Fac Total Allies 12 | . . . 2 . . 10 . . . Largest Group 10 | . . . 2 2 2 10 . . . Highest-Rated Group 173 | . . . 29 29 29 173 . . . Highest-Rated Ally 29 | . . . 21 21 21 29 . . . Total Orders . | . . . . . . . . . . Ally Attacks 48 | . . . . . 7 41 . . . Total Damage 704 | . . . . . 155 549 . . . Kills 7 | . . . . . 1 6 . . . Allies Corrupted . | . . . . . . . . . . Allies Melted 1 | . . . . . . 1 . . . Intel | -11 -10 -10 -10 -9 -8 -8 -8 -6 -5 ------- Run | Scr Mat Min Exi Min Mat Sto Rec Fac Fac Robot Analysis Total 6 | . . . . . . 3 3 . . Derelict Logs Recovered . | . . . . . . . . . . Drone Launches . | . . . . . . . . . . Drone Recoveries . | . . . . . . . . . . Exploration | -11 -10 -10 -10 -9 -8 -8 -8 -6 -5 ------------- Run | Scr Mat Min Exi Min Mat Sto Rec Fac Fac Turns Passed 8464 | . 106 49 1630 106 576 2971 948 843 1235 Spaces Moved 4529 | 1 86 40 915 62 263 1285 704 521 652 Core 11 | . . . . . 1 . . . 10 Treads 238 | . . . 134 62 42 . . . . Legs 4077 | 1 86 40 781 . 220 1285 704 521 439 Wheels 4 | . . . . . . . . . 4 Hover 5 | . . . . . . . . . 5 Flight 194 | . . . . . . . . . 194 Fastest Speed 29 | 120 120 120 120 160 120 120 120 120 29 Average Speed 127 | 120 120 120 132 160 128 136 120 120 116 Slowest Speed 450 | 120 120 120 190 160 450 260 120 120 400 Overloaded Moves . | . . . . . . . . . . Propulsion Burnouts . | . . . . . . . . . . Robots Hopped 7 | . . . . . . . . . 7 Cave-ins Triggered . | . . . . . . . . . . Exploration Rate (%) 38 | 2 13 6 92 22 21 96 98 11 20 Regions Visited 9 Branch Regions 5 Pre-discovered Areas 9 | . . . 1 . . . 8 . . Known Exits Taken 2 | . 1 . . . 1 . . . . Unknown Exits Taken 7 | 1 . 1 1 1 . 1 1 1 . Scrap Searched 1 | . . 1 . . . . . . . Spaces Dug 79 | . . . 35 . . 41 . 3 . Terrain Destroyed 198 | . . . 43 . 1 59 8 3 84 Melee 3 | . . . . . . . . 3 . Projectile 26 | . . . . . 1 10 8 . 7 AOE 169 | . . . 43 . . 49 . . 77 Terrain Rammed 2 | . . . 2 . . . . . . Walls Destroyed . | . . . . . . . . . . Machines Disabled . | . . . . . . . . . . Actions | -11 -10 -10 -10 -9 -8 -8 -8 -6 -5 --------- Run | Scr Mat Min Exi Min Mat Sto Rec Fac Fac Total 6494 | . 88 41 1172 69 430 2248 792 679 975 Wait 1324 | . . . 123 8 72 732 77 112 200 Move 4508 | . 85 39 914 61 262 1284 703 520 640 Hop 5 | . . . . . . . . . 5 Pick Up 26 | . . . 2 . 10 10 2 1 1 Fast Attach 84 | . 1 1 1 . 21 25 . 9 26 Attach 11 | . . . 1 . . 3 . 1 6 Detach 12 | . 1 . . . 4 6 . . 1 Swap 36 | . 1 . 5 . 2 20 . 5 3 Drop 64 | . . 1 5 . 22 28 2 2 4 Fire 362 | . . . 103 . 37 126 8 22 66 Melee 44 | . . . . . . 14 . 7 23 Ram 2 | . . . 2 . . . . . . Kick . | . . . . . . . . . . Crush . | . . . . . . . . . . Escape Stasis . | . . . . . . . . . . Rewire 16 | . . . 16 . . . . . . Trap . | . . . . . . . . . . Miscellaneous . | . . . . . . . . . . Route ------- -11/Scrapyard -10/Materials (discovered 2 exits: *Min x2) -10/Mines -10/Exiles -9/Mines -8/Materials (discovered 2 exits: *Sto x2) -8/Storage (discovered 2 exits: [*Fac] / *Rec) -8/Recycling -6/Factory -5/Factory (discovered 1 exit: *Upp) History --------- Turn | Location | Event 1 | -11/Scrapyard | Discovered new exit (range 0) 1 | -11/Scrapyard | Entered Materials 1 | -10/Materials | Discovered new exit (range 12) 75 | -10/Materials | Identified exit to Mines 107 | -10/Materials | Entered Mines 151 | -10/Mines | Deemed a non-threat by the Exiles lab entrance 151 | -10/Mines | Discovered new exit (range 5) 156 | -10/Mines | Entered Exiles 156 | -10/Exiles | Found Exiles lab destroyed 303 | -10/Exiles | Build established: Mutant 426 | -10/Exiles | Learned location of Zion (-7) 978 | -10/Exiles | Discovered new exit (range 14) 1786 | -10/Exiles | Entered Mines 1786 | -9/Mines | Accompanied by 2 allies 1823 | -9/Mines | Assembled infested the area 1870 | -9/Mines | Discovered new exit (range 8) 1892 | -9/Mines | Entered Materials 1892 | -8/Materials | Accompanied by 2 allies 1892 | -8/Materials | Evolved 4 slots: Propulsion x1, Utility x3 2125 | -8/Materials | Identified exit to Storage 2339 | -8/Materials | Build established: Scavenger-Mutant 2468 | -8/Materials | Entered Storage 2606 | -8/Storage | Lost 3 parts (1p1n1u) 3552 | -8/Storage | Discovered new exit (range 9) 3645 | -8/Storage | Assisted by bots powering up and referring to "LRC-V3" 3646 | -8/Storage | Central database locked down 3646 | -8/Storage | Central database locked down 4462 | -8/Storage | Repaired Particle Charger 4489 | -8/Storage | Repaired Aluminum Leg 4529 | -8/Storage | Repaired Ion Cannon 5433 | -8/Storage | Discovered new exit (range 3) 5439 | -8/Storage | Entered Recycling 5469 | -8/Recycling | Spotter reported a threat 5475 | -8/Recycling | Spotter reported a threat 5503 | -8/Recycling | Spotter reported a threat 5503 | -8/Recycling | Spotter reported a threat 5528 | -8/Recycling | Spotter reported a threat 5537 | -8/Recycling | Spotter reported a threat 5556 | -8/Recycling | Spotter reported a threat 5556 | -8/Recycling | Spotter reported a threat 5585 | -8/Recycling | Spotter reported a threat 5602 | -8/Recycling | Spotter reported a threat 5603 | -8/Recycling | Spotter reported a threat 5650 | -8/Recycling | Spotter reported a threat 5650 | -8/Recycling | Spotter reported a threat 5651 | -8/Recycling | Spotter reported a threat 5659 | -8/Recycling | Spotter reported a threat 5661 | -8/Recycling | Spotter reported a threat 5663 | -8/Recycling | Spotter reported a threat 5674 | -8/Recycling | Spotter reported a threat 5703 | -8/Recycling | Spotter reported a threat 5703 | -8/Recycling | Spotter reported a threat 5737 | -8/Recycling | Spotter reported a threat 5756 | -8/Recycling | Spotter reported a threat 5769 | -8/Recycling | Spotter reported a threat 5778 | -8/Recycling | Spotter reported a threat 5809 | -8/Recycling | Spotter reported a threat 5849 | -8/Recycling | Spotter reported a threat 5858 | -8/Recycling | Spotter reported a threat 5879 | -8/Recycling | Spotter reported a threat 5889 | -8/Recycling | Spotter reported a threat 5956 | -8/Recycling | Spotter reported a threat 5964 | -8/Recycling | Discovered new exit (range 10) 5979 | -8/Recycling | Spotter reported a threat 6005 | -8/Recycling | Spotter reported a threat 6009 | -8/Recycling | Spotter reported a threat 6026 | -8/Recycling | Spotter reported a threat 6027 | -8/Recycling | Spotter reported a threat 6032 | -8/Recycling | Spotter reported a threat 6035 | -8/Recycling | Spotter reported a threat 6041 | -8/Recycling | Spotter reported a threat 6062 | -8/Recycling | Spotter reported a threat 6085 | -8/Recycling | Spotter reported a threat 6094 | -8/Recycling | Spotter reported a threat 6151 | -8/Recycling | Spotter reported a threat 6200 | -8/Recycling | Spotter reported a threat 6219 | -8/Recycling | Spotter reported a threat 6257 | -8/Recycling | Spotter reported a threat 6261 | -8/Recycling | Spotter reported a threat 6306 | -8/Recycling | Spotter reported a threat 6314 | -8/Recycling | Spotter reported a threat 6327 | -8/Recycling | Spotter reported a threat 6327 | -8/Recycling | Spotter reported a threat 6329 | -8/Recycling | Spotter reported a threat 6347 | -8/Recycling | Spotter reported a threat 6387 | -8/Recycling | Entered Factory 6387 | -6/Factory | Evolved 4 slots: Power x1, Propulsion x1, Utility x2 6737 | -6/Factory | Search patrols dispatched 6753 | -6/Factory | Repaired Lgt. Fission Core 7087 | -6/Factory | Search patrols dispatched 7210 | -6/Factory | Discovered new exit (range 15) 7230 | -6/Factory | Entered another Factory area 7230 | -5/Factory | Evolved 2 slots: Propulsion x1, Utility x1 7302 | -5/Factory | Lost 5 parts (2p2n1w) 7374 | -5/Factory | Lost 3 parts (1n1u1w) 7712 | -5/Factory | Lost 4 parts (2p1n1w) 8058 | -5/Factory | Lost 3 parts (3n) 8228 | -5/Factory | Lost 4 parts (3n1w) 8326 | -5/Factory | Core integrity fell below 50% 8396 | -5/Factory | Core integrity fell below 20% 8419 | -5/Factory | System corruption reached 10% 8430 | -5/Factory | First assault squad dispatched 8442 | -5/Factory | Discovered new exit (range 10) 8445 | -5/Factory | Lost 10 parts (1p3n4u2w) 8445 | -5/Factory | Identified exit to Upper Caves 8465 | -5/Factory | Destroyed by H-66 Slayer with Gauss Rifle Last Messages --------------- 08432_ System corrupted: Matter fused (-9). 08442_ W-25 Informer sends out distress signal. 08442_ EXIT=FOUND 08445_ K-01 Serf cleans the Fabricator. 08445_ EXIT=IDENTIFIED: UPPER CAVES 08447_ K-01 Serf cleans the Fabricator. 08449_ Connecting with Terminal... 08449_ Current location identified: Factory 08450_ K-01 Serf cleans the Fabricator. 08451_ K-01 Serf cleans the Matter Pump. 08452_ Connecting with Fabricator... 08453_ K-01 Serf cleans the Fabricator. 08459_ Imp. VTOL Module destroyed. 08460_ Lgt. Ion Engine destroyed. 08461_ Slug penetrates M-28 Smith. 08461_ U-05 Engineer destroyed. 08463_ K-01 Serf collects debris. 08463_ Slug penetrates Wall. 08464_ K-01 Serf collects debris. 08465_ Penetrated by Slug. Map ----- +----------------------------------------------------+ | ?????????????????????????????????????????????????? | | ?????????????????????????????????????????????????? | | ?????????????????????????????????????????????????? | | ?????????????????????????????????????????????????? | | ?????????????????????????????????????????????????? | | ?????????????????????????????????????????????????? | | ?????????????????????????????????????????????????? | | ?????????????????????????????????????????????????? | | ?????????????????????????????????????????????????? | | ?????????????????????????????????????????????????? | | ?????????????????????????????????????##??????##??? | | ?????????????????????????????????????# ??? #??? | | ?????????????????????????????????????# ?? #??? | | ?????????????????????????????????????# ?? #??? | | ?????????????????""??????????????????# ! #??? | | ????????????????? ?????????????????# "" #??? | | ????????????????? ????????????????# """ #??? | | ?????????????????? ???? "?????????? R" #??? | | ???????????????????? [ ????""??????????? """ #??? | | ????????????????????? ???? ???????????? #??? | | ????????????###########+######+#############+##### | | ??????????? k =%! k k | | ??????????? k h|h | | ?????????? = | | ?????????? t km | | ?????????? @ k u | | ?????????????????####################+######## | | ??????????????????????????????????? ?????# | | ????????????????????????????????? ???# | | ???????????????????????????????# ?# | | ???????????????????????????????# ## | | ???????????????????????????????# [ ## | | ???????????????????????????????# ## | | ???????????????????????????????# ## | | ???????????????????????????????# ## | | ?????????????????????????????################# | | ????????????????????????????? ####### | | ????????????????????????????? | | ????????????????????????????? | | ?????????????????????????????? """ """ """ | | ????????????????????????????????????"" """ """" | | ????????????????????????????????? """ """ "F"" | | ????????????????????????????????#^ ^ "" | | ????????????????????????????????# """ """ """ | | ?????????????????????????????????? """ """ "" | | ????????????????????????????????? """ """ | | ????????????????????????????????# | | ????????????????????????????????# | | ????????????????????????????????# | | ????????????????????????????????# ## ## | +----------------------------------------------------+ Best States ------------- Heat Dissipation 59 Energy Generation 31 Energy Capacity 610 Matter Stores 300 Matter Capacity 300 Sight Range 16 Terrain Scan Density 10 Additional Mass Support 9 Evasion (%) 64 Targeting Accuracy 21 Target Analysis 6 Recoil Reduction 2 Particle Charging 15 Offensive Hacking 20 Defensive Hacking 11 Authchip Count 2 Item Schematics ----------------- None Robot Schematics ------------------ T-07 Excavator | -8/Recycling | Hacked Fabricated ------------ Nothing Alien Tech Used ----------------- None Achievements -------------- None Challenges ------------ None Game ------ Seed TeslaControlGravjet Manual? 0 Play Time 01:21:13 Cumulative 86.0 hours Start 2022.05.28 @ 20:59:54 End 2022.05.28 @ 23:19:34 Sessions 1 Manual Loads 0 Difficulty Rogue Special Mode None Game No. 97 Rogue 97 Adventurer 0 Explorer 0 Win Type - Total 0 Types 0/0/0/0/0/0/0/0/0 Lore% 44 Gallery% 54 Achievement% 41 Wizard Run 0 Options --------- ASCII 0 Keyboard 0 Movement Mouse Keybinds 0 Fullscreen 1 Font 18/SmallcapsGlow Map View 76x50 Tactical HUD 1 Map Filters NONE Filters NONE Steam 1 RUN: 9dac83d0-5dec-43de-a8a8-70c91b2fe84f